Map: Neon Violet Square LE

Players

NebulouStorm

  • Race: Protoss Protoss
  • League: Silver
  • Spawn Location: 11:00

DerNik - Winner!

  • Race: Terran Terran
  • League: Diamond
  • Spawn Location: 5:00

VOD

Have the link to the VOD?

Description

Time

  • Played on: Jan. 14, 2018, 10:32 p.m.
  • Length: 34:55
Show
View Real Time Build Order
Export as new Build Order

NebulouStorm Protoss 

Build Orders: Double Forge 

Get SALT Encoding   

  12  0:01  Probe  
  13  0:13  Probe  
  14  0:21  Pylon  
  14  0:25  Probe  
  15  0:39  Probe  
  15  0:40  Gateway  
  16  0:51  Probe (Chrono Boost)  
  16  0:55  Assimilator  
  17  1:03  Probe (Chrono Boost)  
  19  1:11  Probe (Chrono Boost)  
  19  1:17  Probe  
  20  1:27  Cybernetics Core  
  20  1:29  Probe  
  20  1:30  Pylon  
  21  1:41  Probe  
  22  1:57  Probe  
  22  2:01  Assimilator  
  23  2:02  Warp Gate (Chrono Boost)  
  23  2:10  Probe  
  23  2:11  Nexus  
  23  2:14  Pylon  
  24  2:22  Probe  
  25  2:33  Gateway  
  25  2:34  Probe  
  26  2:40  Shield Battery  
  26  2:44  Shield Battery  
  26  2:46  Probe  
  27  2:58  Probe  
  28  3:02  Robotics Facility  
  28  3:08  Pylon  
  28  3:13  Probe  
  29  3:27  Probe (Chrono Boost)  
  29  3:32  Probe (Chrono Boost)  
  31  3:37  Probe (Chrono Boost)  
  31  3:41  Probe (Chrono Boost)  
  33  3:42  Probe (Chrono Boost)  
  34  3:50  Adept x2  
  34  3:51  Probe  
  34  3:54  Probe  
  40  4:13  Observer  
  40  4:16  Stalker x2  
  45  4:23  Gateway, Probe x2  
  47  4:29  Twilight Council  
  47  4:33  Forge  
  47  4:34  Forge  
  47  4:35  Probe x2  
  49  4:47  Assimilator, Probe x2  
  49  4:50  Adept x2  
  55  5:08  Resonating Glaives  
  55  5:11  Protoss Ground Weapons Level 1, Protoss Shields Level 1  
  55  5:16  Adept x2  
  59  5:27  Probe (Chrono Boost)  
  61  5:31  Probe (Chrono Boost)  
  57  5:39  Probe (Chrono Boost)  
  57  5:41  Stalker x2  
  57  5:42  Probe (Chrono Boost)  
  62  5:44  Probe (Chrono Boost)  
  61  5:51  Probe  
  62  6:00  Pylon  
  62  6:11  Pylon  
  62  6:18  Immortal, Probe x2  
  68  6:19  Nexus  
  68  6:30  Probe  
  68  6:31  Robotics Facility  
  69  6:34  Pylon  
  69  6:42  Assimilator, Probe  
  70  6:48  Charge  
  70  6:57  Immortal  
  70  6:58  Stalker x2  
  70  6:59  Stalker  
  80  7:05  Probe x2, Pylon  
  82  7:10  Assimilator  
  82  7:17  Probe x2  
  84  7:25  Gateway  
  84  7:28  Templar Archives  
  84  7:29  Protoss Ground Weapons Level 2, Protoss Shields Level 2, Probe x2  
  86  7:43  Probe x2  
  88  8:05  Assimilator, Probe x3  
  91  8:13  Immortal x2  
  91  8:17  Probe x3  
  91  8:18  High Templar x3  
  108  8:25  Pylon  
  108  8:30  Gateway  
  108  8:36  Psionic Storm  
  108  8:42  Probe  
  108  8:43  Probe  
  108  8:44  Probe  
  111  8:51  Pylon  
  111  8:54  Probe  
  112  8:56  Probe x2  
  112  8:59  Pylon  
  114  9:08  Archon  
  114  9:12  High Templar x3  
  114  9:16  High Templar  
  122  9:18  Archon  
  122  9:21  Archon  
  103  9:48  Pylon  
  89  10:33  Pylon  
  89  10:35  High Templar x4  
  75  10:51  Archon x2  
  75  10:57  Gateway  
  75  10:58  Gateway  
  75  11:00  Gateway  
  75  11:04  Gateway  
  75  11:06  Gateway  
  75  11:07  Shield Battery  
  75  11:09  Shield Battery, Pylon  
  75  11:14  Shield Battery  
  75  11:15  High Templar x2  
  75  11:16  High Templar x2  
  83  11:23  Pylon  
  83  11:31  Immortal x2  
  91  11:38  Archon  
  91  11:39  Archon  
  91  11:51  High Templar x3  
  91  11:52  High Templar x2  
  101  11:57  Archon  
  101  11:58  Archon  
  101  12:02  High Templar  
  103  12:11  Archon, Observer  
  103  12:12  Zealot x3  
  103  12:13  Zealot  
  112  12:31  Zealot x5  
  117  12:41  Stalker x4  
  110  13:00  Zealot x6  
  119  13:09  Probe (Chrono Boost)  
  120  13:15  Stalker x4  
  120  13:19  Probe (Chrono Boost)  
  129  13:21  Warp Prism  
  129  13:22  Observer  
  129  13:24  Probe (Chrono Boost)  
  129  13:25  Probe x2  
  135  13:35  Probe  
  135  13:37  Probe x2  
  128  13:45  Nexus  
  128  13:47  Probe  
  97  13:49  Probe  
  97  13:50  Probe  
  97  13:52  Zealot  
  97  13:53  Zealot x7  
  97  13:54  Zealot x2  
  107  13:59  Probe  
  107  14:01  Probe  
  107  14:02  Probe  
  93  14:11  Probe  
  93  14:14  Probe x2  
  50  14:49  Zealot  
  50  14:50  Zealot x7  
  50  14:51  Zealot x2  
  68  14:57  Protoss Shields Level 3, Protoss Ground Weapons Level 3  
  50  15:11  Zealot x3  
  50  15:12  Zealot x5  
  50  15:13  Zealot x2  
  64  15:22  Probe x2  
  64  15:23  Probe x2  
  66  15:35  Probe (Chrono Boost)  
  66  15:36  Probe (Chrono Boost)  
  66  15:37  Probe x2 (Chrono Boost)  
  62  15:47  Probe (Chrono Boost)  
  62  15:48  Probe (Chrono Boost)  
  64  15:53  Probe x2 (Chrono Boost)  
  64  15:54  Probe (Chrono Boost)  
  64  15:55  Probe (Chrono Boost)  
  64  15:59  Probe x2 (Chrono Boost)  
  64  16:01  Probe x2 (Chrono Boost)  
  68  16:13  Probe (Chrono Boost)  
  68  16:14  Probe x2 (Chrono Boost)  
  68  16:16  Probe (Chrono Boost)  
  70  16:23  Probe (Chrono Boost)  
  70  16:24  Probe x2 (Chrono Boost)  
  73  16:29  Probe (Chrono Boost)  
  73  16:30  Probe x2 (Chrono Boost)  
  76  16:36  Pylon  
  76  16:37  Probe  
  76  16:39  Probe  
  79  16:40  Probe, Pylon  
  79  16:43  Assimilator  
  79  16:45  High Templar x6  
  79  16:46  High Templar x2  
  95  16:49  Zealot x2, Probe  
  95  16:51  Archon x3  
  95  16:52  Archon, Probe  
  101  17:00  Probe x2  
  103  17:01  Probe  
  103  17:04  Probe  
  105  17:12  Probe x2  
  105  17:14  Probe  
  108  17:16  Probe  
  108  17:22  Gateway x2  
  109  17:24  Probe x2, Pylon  
  109  17:26  Probe  
  109  17:28  Probe  
  113  17:34  Protoss Ground Armor Level 1  
  113  17:36  Probe x2  
  115  17:38  Probe  
  115  17:40  Probe  
  116  17:48  Probe  
  117  17:52  Zealot  
  117  17:53  Zealot x3  
  117  17:54  Zealot x6  
  104  18:11  Nexus  
  104  18:12  Pylon  
  102  18:13  Pylon  
  102  18:15  Stalker  
  102  18:16  Stalker  
  98  18:27  Assimilator  
  82  18:48  Zealot  
  82  18:49  Zealot x6  
  82  18:50  Zealot x3  
  96  19:04  Assimilator  
  96  19:06  Assimilator  
  74  19:35  Zealot x7  
  74  19:36  Zealot  
  74  19:37  Zealot x2  
  74  20:08  Protoss Ground Armor Level 2  
  74  20:16  Zealot  
  74  20:17  Zealot x3  
  74  20:18  Zealot x3  
  74  20:19  Zealot x3  
  94  20:30  Probe x4  
  94  20:31  Probe  
  99  20:44  Photon Cannon  
  99  20:45  Photon Cannon  
  99  20:47  Photon Cannon  
  99  20:49  Photon Cannon  
  99  20:50  Photon Cannon  
  99  20:52  Photon Cannon  
  99  20:53  Photon Cannon  
  99  20:57  High Templar x5, Photon Cannon  
  99  20:58  High Templar x4  
  99  20:59  Photon Cannon  
  99  21:00  Photon Cannon  
  99  21:02  Archon x2, Photon Cannon  
  99  21:03  Archon x2  
  117  21:04  Photon Cannon  
  117  21:05  High Templar  
  117  21:06  Photon Cannon  
  117  21:08  Photon Cannon  
  117  21:09  Archon  
  117  21:11  Pylon  
  105  21:38  Zealot x2  
  105  21:39  Zealot x7  
  113  21:40  Zealot  
  99  22:03  High Templar x5  
  99  22:04  High Templar x3  
  99  22:07  Archon x3  
  99  22:08  Archon  
  115  22:20  Stalker  
  115  22:21  Stalker  
  104  22:37  Probe x4  
  107  22:49  Probe x4  
  111  23:01  Probe x3  
  111  23:02  Probe  
  111  23:04  Nexus  
  115  23:08  High Templar x4  
  115  23:09  High Templar x4  
  131  23:13  Archon, Probe  
  131  23:14  Archon x3, Probe x3  
  135  23:25  Probe  
  135  23:26  Probe x3  
  95  23:51  High Templar x4  
  95  23:52  High Templar  
  95  23:54  Zealot x4  
  95  23:55  Zealot  
  107  23:57  Archon x2  
  107  24:14  Protoss Ground Armor Level 3  
  107  24:18  Zealot x2, High Templar  
  107  24:19  Zealot x2  
  117  24:32  Archon  
  117  24:55  High Templar x3  
  117  24:56  High Templar x2  
  117  24:58  Zealot x5  
  137  25:01  Archon x2  
  127  25:17  Nexus  
  121  25:28  Nexus  
  121  25:53  High Templar x7  
  121  25:56  Zealot x3  
  141  25:59  Archon x3  
  141  26:00  Archon  
  95  27:29  Zealot x3  
  99  27:30  Zealot x4  
  99  27:40  Assimilator  
  99  27:42  Assimilator, Probe  
  96  27:51  Assimilator  
  96  27:54  Probe  
  96  27:57  High Templar x5  
  96  27:58  High Templar x5  
  115  28:02  Archon x4  
  115  28:03  Archon  
  117  28:06  Probe  
  118  28:18  Probe  
  119  28:27  Pylon  
  119  28:30  Pylon  
  119  28:31  Probe  
  120  28:39  High Templar x6  
  132  28:46  Archon x2  
  132  28:47  Archon  
  100  29:15  Zealot x3  
  100  29:16  Zealot x5  
  114  29:18  Zealot  
  100  29:40  Zealot x2  
  100  29:41  Zealot x5  
  100  29:42  Zealot x3  
  90  30:03  High Templar x5  
  90  30:04  High Templar x5  
  104  30:07  Archon x2  
  104  30:08  Archon x2  
  92  30:20  Pylon  
  74  30:37  Adept  
  74  30:38  Adept x7  
  74  30:39  Adept x2  
  67  31:00  Adept x5  
  67  31:01  Adept x5  
  61  31:23  Zealot  
  61  31:24  Zealot x7  
  61  31:25  Zealot x2  
  57  31:46  Adept x4  
  57  31:47  Adept x4  
  2  34:29  Pylon  
  2  34:32  Pylon  
Show
View Real Time Build Order
Export as new Build Order

DerNik Terran - Winner!

Build Orders: Liberator Opening, MMM Bio 

Get SALT Encoding   

  12  0:01  SCV  
  13  0:13  SCV  
  14  0:21  Supply Depot  
  14  0:25  SCV  
  15  0:42  SCV  
  16  0:43  Barracks  
  16  0:53  Refinery  
  16  0:54  SCV  
  17  1:07  SCV  
  18  1:27  Command Center  
  18  1:35  Orbital Command  
  18  1:40  Marine  
  19  2:05  Factory  
  19  2:06  Barracks Tech Lab  
  19  2:16  SCV  
  19  2:20  Refinery  
  20  2:31  SCV, Barracks  
  21  2:49  Starport  
  21  2:52  Marine  
  21  2:58  SCV  
  27  3:05  Orbital Command  
  23  3:10  SCV, Factory Reactor  
  24  3:13  Supply Depot  
  24  3:22  SCV  
  25  3:28  Barracks  
  25  3:35  SCV  
  26  3:41  Bunker  
  26  3:47  SCV  
  26  3:48  Liberator  
  27  3:54  Barracks Tech Lab  
  27  3:59  SCV  
  27  4:00  Refinery  
  28  4:07  SCV  
  32  4:11  SCV  
  32  4:15  Barracks Reactor  
  33  4:19  SCV  
  34  4:31  SCV  
  35  4:41  Barracks  
  35  4:42  Barracks  
  35  4:43  SCV  
  36  4:48  Engineering Bay  
  36  4:49  Widow Mine x2  
  40  5:02  Marine x2  
  40  5:03  Marine  
  40  5:04  Marauder  
  45  5:07  Stimpack  
  45  5:13  Engineering Bay  
  45  5:20  Marine  
  46  5:47  Supply Depot, SCV x2  
  48  5:55  Marine x2  
  48  5:56  Marauder  
  49  5:58  Barracks Reactor  
  49  5:59  SCV, Barracks Tech Lab  
  49  6:00  Terran Infantry Weapons Level 1  
  49  6:01  Terran Infantry Armor Level 1  
  49  6:04  Starport Reactor  
  50  6:06  Armory  
  50  6:10  Supply Depot  
  50  6:11  Refinery, SCV x2  
  52  6:23  SCV  
  52  6:24  SCV, Marine x2  
  52  6:25  Marauder  
  58  6:28  Command Center  
  58  6:35  Supply Depot, SCV  
  58  6:36  SCV  
  60  6:42  Medivac  
  60  6:43  Medivac  
  60  6:44  Marine  
  60  6:45  Marauder, Marine  
  68  6:47  SCV  
  68  6:58  Marine x2  
  68  6:59  Marauder, Marine  
  73  7:05  Supply Depot  
  73  7:07  Supply Depot  
  73  7:10  Marine  
  73  7:11  Marine  
  73  7:13  SCV x2  
  77  7:26  Medivac x2  
  77  7:27  Supply Depot, Marine x2  
  77  7:29  Marauder  
  85  7:36  Marine x2  
  87  7:40  Widow Mine x2  
  91  7:46  SCV x2  
  91  7:48  Orbital Command  
  93  7:54  Refinery  
  93  8:00  Terran Infantry Weapons Level 2  
  93  8:03  Terran Infantry Armor Level 2  
  93  8:06  SCV  
  93  8:08  SCV  
  95  8:13  Marine  
  95  8:14  Marauder  
  98  8:21  Marine x2  
  98  8:22  Marauder  
  98  8:24  Combat Shields  
  102  8:27  Concussive Shells  
  102  8:36  Marine x3  
  102  8:37  Marauder  
  107  8:47  Supply Depot  
  107  8:50  Refinery  
  107  8:51  SCV  
  107  8:53  SCV, Marine  
  110  9:00  Marine x2  
  112  9:03  SCV  
  113  9:11  Supply Depot  
  113  9:12  Marine x3  
  113  9:13  Marauder x2  
  120  9:30  Medivac x2  
  120  9:31  Marauder  
  125  9:32  Marine x4  
  125  9:34  Marauder  
  125  9:35  Marauder  
  86  9:53  Marine  
  86  9:54  Marine x4  
  86  9:55  Marine  
  86  9:56  Marauder  
  94  10:04  SCV x3  
  97  10:11  Marine x3  
  97  10:12  Marauder, Marine  
  97  10:14  Marauder  
  100  10:16  SCV  
  100  10:17  Marine  
  89  10:29  Marine x2  
  89  10:32  Marine x2  
  89  10:33  Marauder  
  89  10:34  SCV x2  
  89  10:35  SCV, Marauder, Marine  
  86  10:46  SCV  
  86  10:47  Marine  
  86  10:49  Liberator  
  88  10:52  Marine x3  
  88  10:53  Marauder  
  88  10:55  Marauder, Terran Infantry Weapons Level 3  
  88  10:56  Marauder  
  97  11:08  Marine  
  97  11:09  Marine  
  102  11:14  Marauder  
  102  11:16  Marauder  
  106  11:21  Command Center  
  106  11:22  SCV  
  106  11:24  Liberator  
  107  11:38  Marine x3  
  107  11:39  Marauder x2, Marine  
  115  11:43  Marine  
  119  11:48  SCV x3  
  119  11:49  Medivac  
  124  11:55  Marine  
  124  12:00  SCV  
  126  12:12  Marine x3  
  126  12:13  Marauder x2  
  133  12:21  Supply Depot  
  133  12:22  Supply Depot x2  
  133  12:24  Supply Depot  
  133  12:32  Marine x5, Medivac  
  133  12:34  Marauder  
  133  12:35  Marauder  
  144  12:50  Marauder, Marine x4  
  151  12:52  Supply Depot  
  151  12:53  Orbital Command  
  151  12:56  Marauder x2  
  151  12:57  SCV x2  
  152  13:07  Marine x4  
  152  13:12  Marauder  
  158  13:17  Marauder x2  
  162  13:25  Marine x4  
  166  13:32  Supply Depot  
  166  13:33  Marauder  
  168  13:38  Marauder  
  168  13:39  Marauder  
  141  13:54  Supply Depot  
  122  13:57  Marine x2  
  122  13:58  Marauder, Marine x2  
  122  14:00  Marauder x2  
  109  14:15  Marine x2  
  109  14:16  Marine x2  
  107  14:17  Supply Depot  
  107  14:19  Marauder  
  107  14:21  Marine x2  
  104  14:33  Marine x3  
  104  14:34  Marine  
  97  14:38  Marine  
  97  14:39  Marine  
  97  14:40  Marine  
  95  14:51  Marine x4  
  88  14:57  Marauder x2  
  88  14:58  Marine  
  87  15:08  Marine  
  87  15:09  Marine x3  
  87  15:10  Widow Mine  
  84  15:16  Marauder  
  84  15:18  Marauder x2  
  81  15:22  Liberator x2  
  81  15:26  Marine  
  81  15:27  Marine x3  
  69  15:38  Marauder  
  69  15:39  Marauder  
  69  15:40  Marauder  
  76  15:44  Marine x2  
  76  15:45  Marine x2  
  76  15:46  SCV  
  76  15:47  SCV x3  
  81  15:58  SCV  
  81  15:59  Marauder  
  81  16:01  Marauder, Marine  
  81  16:02  SCV x2, Marine x3  
  81  16:03  SCV, Marine  
  90  16:15  SCV x2  
  92  16:19  Marauder  
  92  16:20  Marauder, Marine x3  
  99  16:31  Widow Mine x2  
  103  16:33  SCV x2  
  103  16:34  Bunker  
  103  16:39  Refinery  
  105  16:40  Refinery  
  105  16:52  Widow Mine x2  
  109  16:55  Marine  
  109  16:56  Marauder x2, Marine  
  109  17:00  Medivac x2  
  119  17:02  Command Center  
  119  17:03  SCV  
  120  17:15  Widow Mine x2  
  124  17:30  Medivac  
  124  17:36  Widow Mine x2  
  130  17:44  Marine x2  
  130  17:45  Marauder x2, Marine x2  
  130  17:46  Marauder  
  130  17:49  Medivac  
  142  17:58  Widow Mine x2  
  136  18:00  Medivac  
  136  18:02  Marine x2  
  136  18:03  Marine  
  116  18:06  Marauder  
  116  18:07  Marauder x2  
  116  18:09  Marine  
  99  18:19  Widow Mine x2  
  80  18:20  Marine x3  
  65  18:27  Marine  
  65  18:28  Marauder x3  
  60  18:38  Marine x3  
  63  18:45  Marine  
  62  18:49  Marauder x2  
  62  18:50  Marauder  
  60  19:08  SCV  
  60  19:09  SCV x2  
  55  19:10  Marauder, Marine x2  
  55  19:11  Marauder x2, Marine x2  
  63  19:21  SCV x3  
  66  19:32  Marauder  
  66  19:33  SCV x3  
  71  19:49  Command Center  
  58  19:58  Liberator  
  58  19:59  Marauder, Marine x3  
  63  20:00  Marauder x2, Marine  
  66  20:08  Refinery  
  66  20:11  Liberator  
  66  20:16  Marine  
  66  20:17  Marine  
  66  20:21  Marauder x2  
  75  20:30  SCV  
  79  20:47  Terran Vehicle Weapons Level 1  
  79  20:52  Widow Mine  
  79  20:53  Widow Mine  
  83  21:00  Marine  
  84  21:14  Widow Mine x2  
  68  21:42  Marine  
  68  21:43  Marauder x2, Marine x2  
  68  21:44  Marauder, Marine  
  75  21:54  Planetary Fortress  
  75  21:58  SCV  
  75  21:59  SCV x2  
  75  22:00  Marine  
  79  22:05  Marauder x3  
  83  22:35  Marine x3  
  83  22:36  Marauder x3, Marine  
  93  22:38  SCV x2  
  94  22:53  Marine  
  94  22:57  Marauder  
  90  23:00  Widow Mine  
  90  23:01  Widow Mine  
  90  23:02  SCV  
  93  23:21  SCV x2  
  93  23:22  SCV x2, Widow Mine x2  
  93  23:24  Refinery, SCV, Marine x2  
  93  23:25  Marauder  
  85  23:43  Widow Mine  
  85  23:44  Widow Mine  
  76  23:48  Marine  
  76  23:49  Marauder, Marine x2  
  76  23:50  Marauder x2  
  76  23:54  Marine  
  82  23:58  Medivac  
  84  24:05  Widow Mine x2  
  84  24:06  Marine  
  89  24:26  Orbital Command, Widow Mine  
  91  24:35  Widow Mine  
  91  24:36  Medivac x2  
  91  24:37  Marauder, Marine x4  
  91  24:38  Marauder x2  
  107  24:47  Widow Mine  
  109  24:54  Marine  
  109  24:56  Widow Mine  
  109  24:59  Marauder x2  
  114  25:06  Medivac  
  100  25:43  Marine  
  100  25:44  Marauder, Marine x5  
  100  25:46  Medivac  
  100  25:47  Medivac  
  112  25:51  Widow Mine x2  
  116  26:01  Marine  
  116  26:02  Marauder, Marine x3  
  116  26:03  Marauder  
  124  26:06  Marauder  
  126  26:12  Widow Mine  
  126  26:13  Widow Mine  
  126  26:16  Medivac x2  
  134  26:21  Marine  
  134  26:22  Marine x3  
  138  26:29  Marauder  
  138  26:31  Marauder  
  137  26:36  Marauder  
  137  26:39  Marine x2  
  128  26:46  Medivac x2  
  124  26:50  Marauder  
  124  26:52  Marauder  
  127  26:57  Marauder  
  120  27:19  Marine  
  120  27:21  Marine x3  
  120  27:22  Marauder x3, Medivac x2  
  104  27:39  Marine  
  104  27:43  Marauder x2, Marine  
  104  27:44  Marauder, Marine x2  
  111  27:47  SCV x4  
  109  27:57  Marine  
  110  28:01  Marine, Medivac  
  110  28:02  Marine, Medivac  
  110  28:04  Marine  
  110  28:05  Marauder x3  
  123  28:14  Command Center  
  123  28:15  Marine  
  123  28:19  Marine  
  125  28:24  Marine x2  
  125  28:26  Marauder x3  
  133  28:29  Refinery  
  133  28:30  Refinery  
  133  28:31  Medivac  
  133  28:32  Marine, Medivac  
  138  28:38  Marine  
  139  28:42  Marine x2  
  139  28:48  Marauder x3  
  138  28:50  Marine  
  132  28:56  Marine  
  132  28:59  Marine  
  132  29:00  Marine  
  132  29:08  Marine  
  132  29:09  Marauder x3  
  139  29:14  Marine  
  140  29:21  Marine  
  137  29:28  Marine x2  
  137  29:30  Marauder x3  
  145  29:32  Marine  
  142  29:39  Marine  
  137  29:46  Marine x2  
  137  29:49  Marine  
  137  29:52  Marauder x3  
  143  29:57  Marine  
  140  30:03  Marine  
  140  30:04  Marine  
  139  30:07  Marine  
  139  30:13  Marauder x3  
  146  30:14  Marine  
  146  30:21  Marine  
  146  30:22  Marine  
  146  30:25  Marine  
  149  30:32  Marine  
  149  30:34  Marauder x2  
  149  30:35  Marauder  
  156  30:39  Marine x2  
  158  30:49  Marine  
  157  30:50  Marine  
  157  30:56  Marauder x3  
  157  30:57  Marine  
  158  31:12  Marine x3  
  158  31:16  Medivac  
  158  31:17  Marauder x3  
  161  31:27  Marine  
  161  31:29  Marine  
  163  31:38  Medivac  
  163  31:39  Marauder x3  
  171  31:57  Marine x2  
  171  31:58  Marine x2  
  171  32:00  Marauder x3  
  176  32:21  Marauder  
  178  32:37  Marine  
  178  32:41  Marauder  
  179  32:52  Marine  
  179  32:54  Marine  
  179  33:07  Marauder  
  179  33:20  Supply Depot  
  179  33:23  Marine  
  179  33:26  Marine  
  179  33:40  Marine  
  179  33:41  Marauder  
  179  33:43  Supply Depot  
  176  34:03  Marauder  
  176  34:06  Supply Depot  
  178  34:29  Supply Depot  
  178  34:30  Marine  
  181  34:31  Marauder x2  
  181  34:32  Marauder, Marine x3  
Tags
 
Add a new tag
Caveats
  • Supply blocks, unpowered buildings, or Contaminate may cause inaccurate times.
  • Supply counts are checked every 10 seconds.